 Dungeon Crawl Stone Soup version 0.26.1-11-gd32895ea62 (webtiles) character file.

Game seed: 11201223433801791392

5378 dtburroughs the Fighter (level 10, 0/91 HPs)
             Began as a Minotaur Berserker on June 28, 2021.
             Was an Elder of Trog.
             Slain by an orc warrior
             ... wielding a +0 halberd
              (6 damage)
             ... on level 10 of the Dungeon.
             The game lasted 00:15:53 (10953 turns).

dtburroughs the Fighter (Minotaur Berserker)       Turns: 10953, Time: 00:15:54

Health: 0/91       AC: 15    Str: 22    XL:     10   Next: 39%
Magic:  9/9        EV: 11    Int:  7    God:    Trog [****..]
Gold:   584        SH:  0    Dex: 16    Spells: 9/9 levels left

rFire    . . .     SeeInvis .   y - +1 war axe (freeze)
rCold    . . .     Faith    .   (no shield)
rNeg     . . .     Spirit   .   H - +0 plate armour
rPois    .         Reflect  .   k - +0 hat
rElec    .         Harm     .   I - +0 cloak {Will+}
rCorr    .         Rampage  .   (no gloves)
Will     +++..                  (no boots)
Stlth    ..........             (no amulet)
HPRegen  1.25/turn              B - +6 ring of dexterity
MPRegen  0.11/turn              f - ring of flight

@: regenerating
A: retaliatory headbutt, horns 2
a: Renounce Religion, Evoke Flight, Berserk, Trog's Hand, Brothers in Arms


You were on level 10 of the Dungeon.
You worshipped Trog.
Trog was greatly pleased with you.
You visited 1 branch of the dungeon, and saw 10 of its levels.

You collected 584 gold pieces.

Inventory:

Hand Weapons
 y - a +1 war axe of freezing (weapon)
 F - a +3 war axe
Armour
 k - a +0 hat (worn)
 p - a scarf of repulsion
 G - +0 acid dragon scales
 H - a +0 plate armour (worn)
 I - a +0 cloak of willpower (worn)
Jewellery
 f - a ring of flight (right hand)
 B - a +6 ring of dexterity (left hand)
Wands
 l - a wand of flame (17)
 z - a wand of iceblast (12)
 C - a wand of acid (10)
Scrolls
 c - 2 scrolls of blinking
 i - 2 scrolls of identify
 j - 3 scrolls of teleportation
 m - 2 scrolls of immolation
 n - 5 scrolls of enchant weapon
 q - a scroll of holy word {unknown}
 s - a scroll of amnesia {unknown}
 t - 3 scrolls of enchant armour {unknown}
 u - 2 scrolls of fear {unknown}
 w - a scroll of noise {unknown}
 D - a scroll of random uselessness {unknown}
Potions
 a - a potion of heal wounds {unknown}
 b - a potion of magic {unknown}
 d - 3 potions of haste {unknown}
 e - a potion of lignification {unknown}
 g - 4 potions of curing {unknown}
 h - a potion of berserk rage {unknown}
 o - 2 potions of mutation {unknown}
 r - 2 potions of might {unknown}
 v - a potion of ambrosia {unknown}
 x - a potion of flight {unknown}
 A - a potion of degeneration {unknown}
 E - a potion of brilliance {unknown}


   Skills:
 + Level 9.2 Fighting
 + Level 9.2 Axes
 + Level 8.8 Armour
 + Level 8.1 Dodging
 + Level 5.7 Evocations


You had 9 spell levels left.
You didn't know any spells.
Your spell library was empty.

Dungeon Overview and Level Annotations

Branches:
Dungeon (10/15)            Temple (0/1) D:5
   Lair: D:8-11         Orc: D:9-12

Altars:
Dithmenos
Elyvilon
Fedhas
Hepliaklqana
Makhleb
Nemelex Xobeh
Vehumet
Wu Jian
Xom

Shops:
D:5 *   D:8 [

Annotations:
D:7 2 transporters, oc3rt's ghost, novice KoHu


Innate Abilities, Weirdness & Mutations

You reflexively headbutt those who attack you in melee.
You have a pair of horns on your head.


Message History

You hit the orc priest but do no damage.
You headbutt the orc priest, but do no damage.
You hit the orc warrior. You freeze the orc warrior. You slash the orc priest!
You freeze the orc priest.
You kill the orc priest!
Trog accepts your kill.
You hit the orc. You freeze the orc.
You kill the orc!
Trog accepts your kill.
The orc warrior hits you with a +0 halberd.
The orc priest hits you but does no damage.
The orc warrior hits you from afar with a +0 halberd!!
* * * LOW HITPOINT WARNING * * *
The orc priest looks braver for a moment.
Things that are here:
a +0 hand axe; an orc corpse The orc warrior hits you from afar with a +0 halberd!
* * * LOW HITPOINT WARNING * * *
The orc warrior hits you from afar with a +0 halberd.
You die...

#..............
...............
...........^...
...#............
####..)........... ...
##.#...o.....#...... ..
#.....).o............#.
##.#..o.##...........#.
#...@..##.......#...#
#.(.....#......#.....
##............#......
#....#.......#.....##
##...........#.......
##.#.......#..........
#.........##..........
#........##.......##..
##........##.##.######


You could see an orc warrior, an orc priest and an orc.

Vanquished Creatures
  Maurice (D:8)
  Maggie (D:9)
  A troll (D:10)
  Prince Ribbit (D:7)
  A hornet (D:9)
  3 yaks (D:9)
  Eustachio (D:5)
  Grum (D:9)
  A water moccasin (D:9)
  A black bear (D:8)
  3 ice beasts
  4 orc warriors
  A phantom (D:6)
  4 ogres
  A centaur (D:7)
  2 wolves (D:9)
  A big kobold (D:9)
  4 bullfrogs
  4 scorpions
  4 wights (D:6)
  6 howler monkeys
  A centaur zombie (D:8)
  A bullfrog skeleton (D:9)
  A centaur skeleton (D:7)
  3 hounds
  2 jellies
  5 orc priests
  5 iguanas
  2 orc wizards
  Jessica (D:2)
  Natasha (twice) (D:2)
  4 worker ants
  A hound zombie (D:5)
  2 hound skeletons
  3 gnolls (D:6)
  6 adders
  A shadow imp (D:10)
  2 white imps (D:9)
  An ufetubus (D:10)
  An adder zombie (D:5)
  3 dart slugs
  6 leopard geckos
  26 orcs
  4 ball pythons
  4 bats
  3 giant cockroaches
  11 goblins
  8 hobgoblins
  4 jackals (D:3)
  6 quokkas
  6 frilled lizards
  2 jackal skeletons
  16 kobolds
  A leopard gecko skeleton (D:8)
  7 rats
197 creatures vanquished.

Vanquished Creatures (others)
  6 plants (D:7)
6 creatures vanquished.

Grand Total: 203 creatures vanquished

Notes
Turn   | Place    | Note
-------+----------+-------------------------------------------
     0 | D:1      | dtburroughs the Minotaur Berserker began the quest for the
                  | Orb.
     0 | D:1      | Reached XP level 1. HP: 19/19 MP: 0/0
   412 | D:1      | Reached XP level 2. HP: 25/27 MP: 1/1
   507 | D:1      | Found a radiant altar of Vehumet.
  1139 | D:2      | Reached XP level 3. HP: 24/33 MP: 2/2
  1221 | D:2      | Noticed Natasha
  1227 | D:2      | Killed Natasha
  1257 | D:2      | Reached XP level 4. HP: 26/40 MP: 3/3
  1569 | D:2      | Noticed Natasha
  1575 | D:2      | Killed Natasha
  1575 | D:2      | Reached ** piety under Trog
  1748 | D:2      | Noticed Jessica
  1858 | D:2      | Killed Jessica
  1939 | D:2      | Reached XP level 5. HP: 34/47 MP: 4/4
  2570 | D:3      | Found a shadowy altar of Dithmenos.
  2819 | D:3      | Reached *** piety under Trog
  3004 | D:3      | Reached skill level 5 in Axes
  3126 | D:3      | Found a white marble altar of Elyvilon.
  3355 | D:4      | Reached skill level 5 in Fighting
  3384 | D:4      | Reached XP level 6. HP: 47/56 MP: 5/5
  3476 | D:4      | Found a burning altar of Makhleb.
  3802 | D:5      | Entered Level 5 of the Dungeon
  3945 | D:5      | Reached skill level 1 in Evocations
  4172 | D:5      | Found a staircase to the Ecumenical Temple.
  4180 | D:5      | Reached XP level 7. HP: 56/61 MP: 6/6
  4184 | D:5      | Reached skill level 5 in Armour
  4360 | D:5      | Found Bousmios's Assorted Antiques.
  4725 | D:5      | Noticed Eustachio
  4730 | D:5      | Killed Eustachio
  5011 | D:6      | Reached skill level 5 in Dodging
  5041 | D:6      | Reached XP level 8. HP: 16/66 MP: 7/7
  5781 | D:6      | Found a burning altar of Makhleb.
  6181 | D:6      | Found a hazy altar of Hepliaklqana.
  6182 | D:6      | Found a blossoming altar of Fedhas.
  6182 | D:6      | Found a shimmering altar of Xom.
  6601 | D:7      | Found a sparkling altar of Nemelex Xobeh.
  6644 | D:7      | Reached **** piety under Trog
  6738 | D:7      | Noticed Prince Ribbit
  6756 | D:7      | Killed Prince Ribbit
  6757 | D:7      | Reached XP level 9. HP: 36/79 MP: 8/8
  7096 | D:7      | Found a transporter.
  7202 | D:7      | Identified the ring "Mokkoegi" {rPois Str+2 Dex+4}
  7320 | D:7      | Found a transporter.
  7545 | D:7      | Noticed oc3rt's ghost (novice KoHu)
  7737 | D:7      | Identified the cursed +0 flail of Lexkev {drain, rPois
                  | Str+5}
  7988 | D:8      | Found Oraluoriu's Antique Armour Emporium.
  7989 | D:8      | Noticed Maurice
  7994 | D:8      | Paralysed by something for 6 turns
  8006 | D:8      | Paralysed by something for 4 turns
  8033 | D:8      | Paralysed by Maurice for 4 turns
  8042 | D:8      | Killed Maurice
  8293 | D:8      | Found a sparkling altar of Nemelex Xobeh.
  8367 | D:8      | Found an ornate altar of the Wu Jian Council.
  8795 | D:9      | Reached skill level 5 in Evocations
  9355 | D:9      | Reached XP level 10. HP: 65/90 MP: 9/9
  9535 | D:9      | Noticed Maggie
  9550 | D:9      | Killed Maggie
 10294 | D:9      | Noticed Grum
 10306 | D:9      | Killed Grum
 10786 | D:10     | Entered Level 10 of the Dungeon
 10953 | D:10     | Slain by an orc warrior

Illustrated notes

Levels and vault maps discovered:
D:1:      matt_arrival_refuge, layout_basic, kennysheep_flooded_box
D:2:      layout_rooms, uniq_natasha, uniq_jessica
D:3:      layout_loops_ring, nicolae_overflow_crystal_walls,
          lemuel_coloured_pillars_altar
D:4:      layout_cave_pools, bloody_makhleb
D:5:      layout_basic, minmay_temple_entry_wispy, serial_shops,
          nicolae_shop_crystal, uniq_eustachio
D:6:      layout_cave_pools, lemuel_doored_altar,
          chequers_temple_overflow_statue_of_worship
D:7:      layout_loops_ring, gammafunk_ghost_gnarly_gnolls,
          corexii_item_surrounded_by_moat, corexii_hall_statues_u,
          nemelex_spade_bored_becter, uniq_prince_ribbit1
D:8:      layout_cave_pods, kennysheep_mini_moat, serial_shops, shop,
          serial_column_ruins, column_ruins_hut, column_ruins_open_medium,
          column_ruins_open_tiny, column_ruins_grid_4, column_ruins_corridor_T,
          column_ruins_open_tiny, column_ruins_columns_straight,
          nemelex_diamond_rough_becter, uniq_maurice
D:9:      layout_loops_cross, uniq_maggie, uniq_grum
D:10:     layout_cross, serial_bayou, serial_bayou_pond_a, serial_bayou_pond_b,
          serial_bayou_lake_a, serial_bayou_pond_e, serial_bayou_pond_b,
          serial_bayou_pond_c, minmay_shop_damaged, minivault_23,
          serial_park_tiny_2

Skill      XL: |  1  2  3  4  5  6  7  8  9 10 |
---------------+-------------------------------+-----
Fighting       | 4 5 6 7 8 9 |  9.2
Axes           | 4 5 6 7 8 9 |  9.2
Armour         | 3 4 5 7 8 |  8.8
Dodging        | 3 4 5 6 7 8 |  8.1
Evocations     | 1 2 4 5 |  5.7

Action                   |  1- 3 |  4- 6 |  7- 9 | 10-12 || total
-------------------------+-------+-------+-------+-------++-------
Melee: Hand axe          |    58 |    83 |       |       ||   141
       Headbutt          |     5 |    21 |    44 |    20 ||    90
       War axe           |       |    73 |   216 |    79 ||   368
Invok: Trog's Hand       |       |     2 |     3 |     2 ||     7
       Berserk           |       |       |     3 |       ||     3
Evoke: Wand              |       |       |     1 |     4 ||     5
  Use: Scroll            |       |       |     7 |       ||     7
Armor: Animal skin       |    12 |    13 |       |       ||    25
       Ring mail         |       |    21 |    15 |       ||    36
       Chain mail        |       |       |    72 |    14 ||    86
       Plate armour      |       |       |       |    12 ||    12
Dodge: Dodged            |    46 |   130 |   151 |    50 ||   377
       Repelled          |       |       |       |     2 ||     2
